 Dungeon Crawl Stone Soup version 0.31.0-32-g396128a36d (webtiles) character file.

Game seed: 873318788789362403

2695 H0rd4k the Changeling (level 9, -1/61 HPs)
             Began as an Octopode Artificer on Mar 25, 2024.
             Was an Initiate of Gozag.
             Slain by a centaur
             ... wielding a +0 halberd
              (10 damage)
             ... in a bailey.
             The game lasted 00:08:05 (5811 turns).

H0rd4k the Changeling (Octopode Artificer)          Turns: 5811, Time: 00:08:06

Health: -1/61      AC:  5    Str: 12    XL:     9   Next: 65%
Magic:  9/9        EV: 13    Int: 19    God:    Gozag
Gold:   403        SH:  0    Dex: 13    Spells: 8/8 levels left

rFire   . . .        g - +11 dagger of the Fae God {spect, rElec rPois Str-2 SInv}
rCold   . . .        (no shield)
rNeg    . . .        (helmet currently unavailable)
rPois   +            (no amulet)
rElec   +            k - ring "Kifivib" {AC+4 Str+3 Int+2}
rCorr   .            (no ring)
SInv    +            (no ring)
Will    .....        (no ring)
Stlth   +++          (no ring)
HPRegen 0.30/turn    (no ring)
MPRegen 0.11/turn    (no ring)
                     (no ring)

%: no passive effects
@: beast-form
A: beast (slay +4), almost no armour, amphibious, 8 rings, camouflage 1,
gelatinous body 1, (nimble swimmer 1), tentacles
a: Begin Untransformation, Renounce Religion, Potion Petition, Call Merchant,
Bribe Branch


You were in a bailey.
You worshipped Gozag.
Gozag was aware of your devotion.
You were a hulking beast.
You visited 2 branches of the dungeon, and saw 8 of its levels.
You also visited: Bailey.

You collected 510 gold pieces.
You paid 107 gold pieces to Gozag.

Inventory:

Hand Weapons
 g - the +11 dagger of the Fae God (weapon) {spect, rElec rPois Str-2 SInv}
   (You found it on level 2 of the Dungeon)

   Str-2:     It affects your strength (-2).
   rElec:     It insulates you from electricity.
   rPois:     It protects you from poison SInv: It lets you see invisible.
 i - a +2 dagger of venom
 C - a +3 short sword
Missiles
 h - 3 atropa-tipped darts
 r - 13 poisoned darts
 y - a throwing net
 A - a curare-tipped dart
Magical Staves
 a - a staff of earth
 u - a staff of air
Jewellery
 k - the ring "Kifivib" (left tentacle) {AC+4 Str+3 Int+2}
   (You acquired it on level 6 of the Dungeon)

   [ring of protection]

   AC+4:      It affects your AC (+4).
   Str+3:     It affects your strength (+3).
   Int+2:     It affects your intelligence (+2).
Talismans
 v - a flux talisman
 x - a beast talisman (active)
Wands
 b - a wand of flame (24) (quivered)
 c - a wand of charming (13)
 d - a wand of iceblast (11)
Scrolls
 f - a scroll of noise
 j - a scroll of poison
 l - 3 scrolls of teleportation
 n - a scroll of fear
 s - a scroll of revelation
 w - a scroll of enchant weapon
 B - a scroll of immolation
 E - a scroll of vulnerability {unknown}
 F - a scroll of torment {unknown}
 G - 2 scrolls of identify
Potions
 e - 3 potions of might {unknown}
 m - 2 potions of enlightenment {unknown}
 o - 3 potions of curing {unknown}
 p - a potion of mutation {unknown}
 q - 2 potions of brilliance {unknown}
 t - a potion of attraction {unknown}
 z - a potion of ambrosia {unknown}
 D - 2 potions of magic {unknown}


   Skills:
 + Level 5.2 Fighting
 + Level 6.7 Short Blades
 - Level 2.3 Dodging
 - Level 1.3 Stealth
 + Level 5.0 Unarmed Combat
 - Level 3.2 Evocations
 * Level 7.2 Shapeshifting


You had 8 spell levels left.
You didn't know any spells.
Your spell library contained the following spells:

 Spells                   Type           Power      Damage    Failure   Level
 Necrotise                Necr           0%         1d4       21%         1
 Sting                    Conj/Alch      0%         1d3       21%         1
 Cigotuvi's Dreadful Rot  Necr/Alch/Air  0%         N/A       30%         2
 Lesser Beckoning         Tloc           0%         N/A       30%         2
 Mercury Vapours          Alch/Air       0%         N/A       30%         2
 Gell's Gravitas          Tloc           0%         N/A       52%         3
 Ozocubu's Armour         Ice            0%         N/A       52%         3
 Teleport Other           Tloc           0%         N/A       52%         3
 Vampiric Draining        Necr           0%         2d6       52%         3
 Ignite Poison            Fire/Alch      0%         N/A       90%         4
 Martyr's Knell           Necr/Summ      0%         N/A       90%         4
 Olgreb's Toxic Radiance  Alch           0%         N/A       90%         4
 Curse of Agony           Necr           0%         N/A       99%         5
 Freezing Cloud           Conj/Ice/Air   0%         6-21      99%         5
 Metabolic Englaciation   Hex/Ice        0%         N/A       99%         5
 Sculpt Simulacrum        Ice/Alch       0%         N/A       100%        6


Dungeon Overview and Level Annotations

Branches:
Dungeon (7/15)             Temple (1/1) D:7          Bailey (1/1)

Altars:
Ashenzari
Cheibriados
Fedhas
Gozag
Hepliaklqana
Kikubaaqudgha
Makhleb
Okawaru
Qazlal
Ru
Sif Muna
Trog
Uskayaw
Vehumet
Wu Jian
Xom
Yredelemnul
The Shining One

Annotations:
D:4 2 transporters, MindCufk's ghost, novice KoBr
D:6 3 runed translucent doors, exclusion: 3 doors, Peloso's ghost, novice MiFi


Innate Abilities, Weirdness & Mutations

You are a hulking beast.
Your limbs bulge with bestial killing power. (Slay +4)
You cannot wear most types of armour.
You are amphibious.
You can wear up to eight rings at the same time.
Your skin changes colour to match your surroundings (Stealth+).
Your rubbery body absorbs attacks. (AC +1, EV +1)
((You are camouflaged when in or above water. (Stealth+)))
You have tentacles for arms and can constrict up to eight enemies at once.


Message History

You hit the orc warrior but do no damage.
You tentacle-slap the orc warrior, but do no damage.
You squeeze the orc warrior, but do no damage.
The orc warrior is severely wounded.
Your +11 dagger of the Fae God {spect, rElec rPois Str-2 SInv} hits the orc warrior but does no damage.
You constrict the orc warrior, but do no damage.
The orc is distracted by your dazzling golden aura.
The orc warrior hits you with a +0 glaive.
The orc shouts!
You hit the orc warrior but do no damage.
You squeeze the orc warrior!
The orc warrior is almost dead.
Your +11 dagger of the Fae God {spect, rElec rPois Str-2 SInv} hits the orc warrior!
You kill the orc warrior!
You hear a shout!
You swap places.
Your +11 dagger of the Fae God {spect, rElec rPois Str-2 SInv} disappears.
You hit the orc.
The orc is no longer distracted by gold.
Your grab misses the orc.
The orc is severely wounded.
Your +11 dagger of the Fae God {spect, rElec rPois Str-2 SInv} hits the orc!
You kill the orc!
Your +11 dagger of the Fae God {spect, rElec rPois Str-2 SInv} disappears.
You now have enough gold to petition Gozag for potion effects.
You now have 403 gold pieces (gained 6).
Things that are here:
a +0 trident; a +0 scale mail An orc comes into view.
It is wielding a +0 spear.
A centaur comes into view. It is wielding a +0 halberd.
Things that are here:
a +0 trident; a +0 scale mail The centaur throws a javelin.
The javelin pierces through you!
The centaur hits you from afar with a +0 halberd!
* * * LOW HITPOINT WARNING * * *
The centaur hits you but does no damage.
The orc barely misses you. The centaur hits you with a +0 halberd!
You die...
Your body crumbles into a pile of gold.

######+++#########
.................##
...$..$......$.$..##
..$⌠#######⌠.......##
#####.....#####)...≈#
#...)≈≈≈≈≈....##h..≈#
.⌠.≈≈≈...≈≈≈.⌠.#oc.≈#
..≈≈..≈.≈..≈≈..#...≈#
.≈≈.≈≈≈.≈≈≈)≈≈.#⌠..≈#
)≈.≈≈.....≈≈.≈.##..≈#
≈≈.≈)≈≈≈≈≈.≈.≈≈.#..≈#
≈)≈≈)≈...≈.≈≈.≈.#..≈#
≈.≈.≈≈...≈≈.≈.≈.#..≈#
≈.≈.≈.⌠∩⌠.≈.≈.≈.#..≈#


You could see a centaur and an orc.

Vanquished Creatures
  Pikel (D:7)
  A sky beast (D:6)
  A black bear (D:6)
  3 ogres
  6 orc warriors
  3 centaurs
  A lemure (D:7)
  A kobold brigand (D:6)
  A phantom (D:5)
  A bullfrog (D:6)
  2 scorpions (D:5)
  2 jellies (D:6)
  A hound (D:5)
  3 orc priests
  2 iguanas
  2 orc wizards
  A hound zombie (D:3)
  A hound skeleton (D:3)
  10 adders
  2 shadow imps (D:5)
  2 white imps (D:5)
  2 ufetubi (D:5)
  An adder zombie (D:3)
  An adder skeleton (D:3)
  A dart slug (D:2)
  40 orcs
  6 ball pythons
  4 endoplasms
  2 giant cockroaches
  12 goblins
  7 hobgoblins
  13 jackals
  5 quokkas
  A ball python skeleton (D:3)
  10 bats
  4 frilled lizards
  13 kobolds
  8 rats
177 creatures vanquished.

Vanquished Creatures (collateral kills)
  A lemure (D:7)
  A bullfrog (D:7)
2 creatures vanquished.

Grand Total: 179 creatures vanquished

Notes
Turn   | Place    | Note
-------+----------+-------------------------------------------
     0 | D:1      | H0rd4k the Octopode Artificer began the quest for the Orb.
     0 | D:1      | Reached XP level 1. HP: 13/13 MP: 1/1
    86 | D:1      | Found a faded altar of an unknown god.
   138 | D:1      | Reached skill level 1 in Unarmed Combat
   145 | D:1      | Reached XP level 2. HP: 17/18 MP: 2/2
   556 | D:1      | Reached XP level 3. HP: 23/23 MP: 3/3
  1313 | D:2      | Identified the +11 dagger of the Fae God {spect, rElec
                  | rPois Str-2 SInv}
  1518 | D:2      | Reached XP level 4. HP: 29/29 MP: 4/4
  1567 | D:2      | Reached skill level 1 in Short Blades
  1805 | D:3      | Found a glowing golden altar of the Shining One.
  1812 | D:3      | Found a hide-covered altar of Uskayaw.
  2065 | D:3      | Reached XP level 5. HP: 31/34 MP: 5/5
  2562 | D:4      | Found a stormy altar of Qazlal.
  2564 | D:4      | Found a shimmering blue altar of Sif Muna.
  2587 | D:4      | Found a basalt altar of Yredelemnul.
  2587 | D:4      | Found a shimmering altar of Xom.
  2658 | D:4      | Reached skill level 1 in Shapeshifting
  3114 | D:4      | Found a transporter.
  3115 | D:4      | Noticed MindCufk's ghost (novice KoBr)
  3123 | D:4      | Found a transporter.
  3347 | D:5      | Entered Level 5 of the Dungeon
  3347 | D:5      | Noticed an ogre
  3349 | D:5      | Killed an ogre
  3350 | D:5      | Reached XP level 6. HP: 41/41 MP: 6/6
  3402 | D:5      | Reached skill level 2 in Shapeshifting
  3641 | D:5      | Reached XP level 7. HP: 42/46 MP: 7/7
  3883 | D:5      | Reached skill level 3 in Shapeshifting
  4272 | D:6      | Found a runed translucent gate.
  4272 | D:6      | Noticed an unseen horror
  4273 | D:6      | Found a runed translucent gate.
  4273 | D:6      | Noticed Peloso's ghost (novice MiFi)
  4274 | D:6      | Found a runed translucent gate.
  4277 | D:6      | Reached XP level 8. HP: 53/53 MP: 8/8
  4294 | D:6      | Reached skill level 4 in Shapeshifting
  4296 | D:6      | Reached skill level 5 in Unarmed Combat
  4577 | D:6      | Found a broken altar of Ashenzari.
  4711 | D:6      | Reached skill level 5 in Shapeshifting
  5033 | D:6      | Identified a scroll of acquirement
  5038 | D:6      | Acquired the ring "Kifivib" {AC+4 Str+3 Int+2}
  5058 | D:7      | Noticed a hornet
  5065 | D:7      | Reached skill level 5 in Short Blades
  5077 | D:7      | Noticed Pikel
  5086 | D:7      | Killed Pikel
  5087 | D:7      | Reached skill level 6 in Shapeshifting
  5087 | D:7      | Reached XP level 9. HP: 51/59 MP: 9/9
  5272 | D:7      | Found a staircase to the Ecumenical Temple.
  5277 | Temple   | Entered the Ecumenical Temple
  5321 | Temple   | Became a worshipper of Gozag Ym Sagoz the Greedy
  5407 | D:7      | Found a flagged portal.
  5425 | Bailey   | Entered a bailey
  5625 | Bailey   | Reached skill level 5 in Fighting
  5773 | Bailey   | Reached skill level 7 in Shapeshifting
  5811 | Bailey   | Slain by a centaur

Illustrated notes

Levels and vault maps discovered:
D:1:      roderic_crop_circles_arrival_large, layout_basic,
          hellmonk_ecumenical_altar_run_dry
D:2:      minmay_inner_zag, layout_rooms, serial_bayou_ford_a
D:3:      layout_loops_ring, nicolae_uskayaw_murder_on_the_dancefloor,
          mainiacjoe_overflow_tiny_flanked, serial_undead, serial_undead_d,
          serial_undead_e, serial_undead_f, serial_undead_c, serial_undead_e,
          serial_undead_a, serial_undead_b, serial_undead_f,
          kennysheep_pointless_box, minmay_stone_trees_medium,
          kennysheep_generic_room_8
D:4:      layout_basic, grunt_temple_overflow_open,
          gammafunk_ghost_gnarly_gnolls
D:5:      layout_basic
D:6:      layout_cave_pools, mainiacjoe_overflow_chevrons,
          gammafunk_ghost_split, nrook_mini_vaults
D:7:      layout_gridville, minmay_temple_entry_glassed_door, enter_bailey_5,
          uniq_jeremiah, uniq_pikel
Temple:   minmay_temple_curvy_loop
Bailey:   bailey_polearm_flooded_kennysheep, bailey

Skill      XL: |  1  2  3  4  5  6  7  8  9 |
---------------+----------------------------+-----
Unarmed Combat | 1 2 3 4 5 |  5.0
Fighting       | 2 3 4 5 |  5.2
Short Blades   | 1 2 3 5 6 |  6.7
Shapeshifting  | 1 2 3 6 7 |  7.2
Dodging        | |  2.3
Stealth        | |  1.3
Evocations     | |  3.2

Action                     |  1- 3 |  4- 6 |  7- 9 || total
---------------------------+-------+-------+-------++-------
  Melee: Unarmed           |    92 |       |       ||    92
         Constrict         |    30 |    16 |    31 ||    77
         Tentacles         |    25 |    13 |    23 ||    61
         Punch             |     3 |       |     6 ||     9
         Dagger            |    11 |    78 |   109 ||   198
  Evoke: Wand              |       |     2 |     2 ||     4
    Use: Scroll            |       |       |    10 ||    10
   Stab: Sleeping          |     8 |     8 |     4 ||    20
         Distracted        |       |       |     2 ||     2
 Armour: Skin              |    44 |    33 |    69 ||   146
  Dodge: Dodged            |    69 |    39 |    80 ||   188
   Form: Beast             |       |     1 |       ||     1
